 Dungeon Sprint DCSS version 0.29-a0-997-gf6f7e2dfe7 (webtiles) character file.

Game seed: 2570257783483608587

21 Hubris850 the Chiller (level 2, 0/28 HPs)
             Began as a Demonspawn Ice Elementalist on Aug 4, 2022.
             Was an Initiate of Yredelemnul.
             Succumbed to an adder's poison
             ... in the Dungeon (Sprint VII: "The Pits").
             The game lasted 00:01:41 (400 turns).

Hubris850 the Chiller (Demonspawn Ice Elementalist)  Turns: 400, Time: 00:01:41

Health: 0/28       AC:  2    Str:  8    XL:     2   Next: 62%
Magic:  5/5        EV: 12    Int: 16    God:    Yredelemnul [......]
Gold:   0          SH:  0    Dex: 13    Spells: 5/6 levels left

rFire   . . .      SeeInvis .   h - +2 falchion
rCold   . . .      Faith    .   (no shield)
rNeg    . . .      Spirit   .   a - +0 robe
rPois   .          Reflect  .   (no helmet)
rElec   .          Harm     .   (no cloak)
rCorr   .          Rampage  .   (no gloves)
Will    .....      NoTele   +   (no boots)
Stlth   ..........              (no amulet)
HPRegen 0.09/turn               (no ring)
MPRegen 0.09/turn               (no ring)

@: berserking, lethally poisoned (0 -> -2), very quick
A: powered by pain 1
a: Renounce Religion, Recall Undead Harvest


You were in the Dungeon.
You worshipped Yredelemnul.
Yredelemnul was noncommittal.
You visited 1 branch

Inventory:

Hand Weapons
 h - a +2 falchion (weapon)
Armour
 a - a +0 robe (worn)
Scrolls
 g - a scroll of blinking
 j - 5 scrolls of amnesia
 k - a scroll of summoning
Potions
 b - 5 potions of magic
 c - a potion of curing
 d - a potion of heal wounds
 e - a potion of haste
 f - 2 potions of berserk rage
 i - 2 potions of invisibility


   Skills:
 * Level 1.1 Long Blades
 - Level 1.7 Dodging
 - Level 1.7 Stealth
 + Level 2.6 Spellcasting
 + Level 5.7 Ice Magic


You had 5 spell levels left.
You knew the following spells:

 Your Spells              Type           Power      Damage    Failure   Level
a - Freeze                Ice            80%        1d9       1%          1

Your spell library contained the following spells:

 Spells                   Type           Power      Damage    Failure   Level
 Frozen Ramparts          Ice            40%        1d12      5%          3
 Ozocubu's Armour         Ice            20%        N/A       5%          3
 Hailstorm                Conj/Ice       11%        3d5       52%         4


Dungeon Overview and Level Annotations

Branches:
Dungeon (1/1)

Altars:
Ashenzari
Cheibriados
Dithmenos
Fedhas
Gozag
Hepliaklqana
Kikubaaqudgha
Makhleb
Nemelex Xobeh
Okawaru
Qazlal
Ru
Sif Muna
Trog
Uskayaw
Vehumet
Wu Jian
Xom
Yredelemnul
Jiyva
Lugonu


Innate Abilities, Weirdness & Mutations

You sometimes gain a little power by taking damage.


Message History

A gnoll comes into view. It is wielding a +0 spear.
Your ball python zombie bites the adder but does no damage.
Your ball python zombie barely misses the adder.
The adder bites your ball python zombie.
The adder barely misses your ball python zombie.
Your ball python zombie bites the adder.
Your ball python zombie barely misses the adder.
The gnoll hits your ball python zombie with a +0 spear.
Your ball python zombie is destroyed!
The gnoll sergeant hits you from afar with a +0 spear.
The gnoll hits you from afar with a +0 spear.
There is an open door, spattered with blood here.
A red film seems to cover your vision as you go berserk!
You feel yourself moving faster!
You feel mighty! The adder closely misses you.
The gnoll hits you from afar with a +0 spear.
You hit the adder.
The adder is heavily wounded.
The adder bites you.
You are poisoned.
The adder poisons you!
You miss the adder.
The adder is heavily wounded.
You feel sick. The adder bites you.
You miss the adder.
The adder is heavily wounded.
You feel sick. The adder completely misses you. The adder closely misses you.
You closely miss the adder.
The adder is heavily wounded.
You feel sick. The gnoll sergeant barely misses you.
The adder bites you but does no damage.
You miss the adder.
The adder is heavily wounded.
You feel sick.
The gnoll sergeant hits you from afar with a +0 spear!
* * * LOW HITPOINT WARNING * * *
The adder closely misses you.
You closely miss the adder.
The adder is heavily wounded.
You die...
Your body rises from the dead as a mindless zombie.

#_________.#
#_________.#
#_______...###########+
##########'##..........
#.?(.')))'.##......#..#
##########.##..........
#...........)..........
+#####'#####......#..#
#..#@.# #..........
#..S..+ ####'#####+
##g#### #.......# #.g..
#.......# #.g...g
#.......# #####+##
#...<...# #.......#
#.......# #.......#


You could see a gnoll sergeant, a gnoll and an adder.

Vanquished Creatures
  A gnoll (D)
  An adder (D)
  A ball python (D)
  A rat (D)
4 creatures vanquished.

Vanquished Creatures (others)
  A ball python zombie (D)
1 creature vanquished.

Grand Total: 5 creatures vanquished

Notes
Turn   | Place    | Note
-------+----------+-------------------------------------------
     0 | D        | Hubris850 the Demonspawn Ice Elementalist began the quest
                  | for the Orb.
     0 | D        | Reached XP level 1. HP: 13/13 MP: 3/3
    13 | D        | Reached skill level 5 in Ice Magic
    13 | D        | Gained mutation: You sometimes gain a little power by
                  | taking damage. [demonic ancestry]
    13 | D        | Reached XP level 2. HP: 12/19 MP: 0/5
   147 | D        | Found a basalt altar of Yredelemnul.
   147 | D        | Found a shimmering altar of Xom.
   147 | D        | Found an ornate altar of the Wu Jian Council.
   147 | D        | Found a bloodstained altar of Trog.
   147 | D        | Found a shimmering blue altar of Sif Muna.
   147 | D        | Found a sacrificial altar of Ru.
   147 | D        | Found a stormy altar of Qazlal.
   147 | D        | Found an iron altar of Okawaru.
   147 | D        | Found a sparkling altar of Nemelex Xobeh.
   147 | D        | Found a burning altar of Makhleb.
   147 | D        | Found a viscous altar of Jiyva.
   147 | D        | Found a hazy altar of Hepliaklqana.
   147 | D        | Found an opulent altar of Gozag.
   147 | D        | Found a blossoming altar of Fedhas.
   147 | D        | Found a shadowy altar of Dithmenos.
   147 | D        | Found a snail-covered altar of Cheibriados.
   148 | D        | Found a radiant altar of Vehumet.
   148 | D        | Found a corrupted altar of Lugonu.
   149 | D        | Found a hide-covered altar of Uskayaw.
   149 | D        | Found an ancient bone altar of Kikubaaqudgha.
   149 | D        | Found a broken altar of Ashenzari.
   153 | D        | Became a worshipper of Yredelemnul the Dark
   176 | D        | Reached skill level 1 in Long Blades
   389 | D        | Noticed a gnoll sergeant
   399 | D        | HP: 1/28 [gnoll sergeant/+0 spear (7)]
   400 | D        | Succumbed to an adder's poison

Illustrated notes

Levels and vault maps discovered:
D:        pitsprint [storerooms_1, entrance_room_1, metal_vault_5, armoury_2,
          mini_pit_1, grid_room_1, main_hall_1, silver_pit, the_coven_1,
          the_vestibule_1, steel_vault_1, golden_pit, hallway_of_sentries,
          crystal_vault_4, iron_vault_1, final_vault]

Skill      XL: |  1  2 |
---------------+-------+-----
Ice Magic      | 5 |  5.7
Long Blades    | 1 |  1.1
Dodging        | |  1.7
Stealth        | |  1.7
Spellcasting   | |  2.6

Action                   || total
-------------------------++-------
Melee: Falchion          ||     9
 Cast: Freeze            ||     7
  Use: Potion            ||     1
Armor: Robe              ||     3
Dodge: Dodged            ||     9

Table legend: (Time is in decaauts)
 A = Elapsed time spent in this place.
 B = Non-inter-level travel time spent in this place.
 C = Inter-level travel time spent in this place.
 D = Time resting spent in this place.
 E = Time spent auto-exploring this place.
 F = Levels seen in this place.
 G = Mean time per level.
                   A        B        C        D        E       F      G
               +--------+--------+--------+--------+--------+-----+--------+
         Total |    399 |    399 |      0 |    319 |      0 |   1 |  399.0 |
       Dungeon |    399 |    399 |      0 |    319 |      0 |   1 |  399.0 |
               +--------+--------+--------+--------+--------+-----+--------+

Top non-repeatable levels by time:
       D: 399 daAuts
